 Dungeon Crawl Stone Soup version 0.31.0-32-g396128a36d (webtiles) character file.

Game seed: 4202037847513285645

184 AdnanSaban the Covered (level 5, -1/33 HPs)
             Began as a Gargoyle Fighter on Apr 18, 2024.
             Slain by a gnoll
             ... wielding a +0 whip
             ... led by a gnoll sergeant
              (5 damage)
             ... on level 2 of the Dungeon.
             The game lasted 00:02:42 (1836 turns).

AdnanSaban the Covered (Gargoyle Fighter)           Turns: 1836, Time: 00:02:43

Health: -1/33      AC: 14    Str: 22    XL:     5   Next: 63%
Magic:  0/5        EV: 10    Int:  8    God:
Gold:   163        SH:  4    Dex:  9    Spells: 4/4 levels left

rFire   . . .        a - +0 flail
rCold   . . .        c - +0 buckler
rNeg    + . .        b - +0 scale mail
rPois   ∞            g - +0 helmet
rElec   +            (no cloak)
rCorr   .            l - +1 pair of gloves
SInv    .            (no boots)
Will    .....        r - amulet of guardian spirit Stlth
                     (no ring)
HPRegen 0.25/turn    (no ring)
MPRegen 0.09/turn

%: guardian spirit
@: no status effects
A: sickness immunity, AC +4, negative energy resistance 1, electricity
resistance, torment resistance 1, petrification resistance
a: no special abilities


You were on level 2 of the Dungeon.
You visited 1 branch of the dungeon, and saw 3 of its levels.

You collected 163 gold pieces.

Inventory:

Hand Weapons
 a - a +0 flail (weapon)
Missiles
 e - 4 poisoned darts (quivered)
 f - 2 throwing nets
 o - 9 boomerangs
Armour
 b - a +0 scale mail (worn)
 c - a +0 buckler (worn)
 g - a +0 helmet (worn)
 l - a +1 pair of gloves (worn)
Jewellery
 h - a ring of ice
 r - an amulet of guardian spirit (around neck)
Scrolls
 i - 3 scrolls of identify {unknown}
 j - a scroll of noise {unknown}
 m - a scroll of fog {unknown}
 p - a scroll of blinking {unknown}
Potions
 d - 3 potions of might
 k - a potion of degeneration {unknown}
 n - a potion of haste {unknown}
 q - a potion of cancellation {unknown}


   Skills:
 + Level 3.7 Fighting
 + Level 3.3 Maces & Flails
 + Level 0.1 Throwing
 + Level 4.4 Armour
 + Level 1.4 Dodging
 + Level 4.1 Shields


You had 4 spell levels left.
You didn't know any spells.
Your spell library contained the following spells:

 Spells                   Type           Power      Damage    Failure   Level
 Apportation              Tloc           0%         N/A       80%         1
 Necrotise                Necr           0%         1d4       80%         1
 Sting                    Conj/Alch      0%         1d3       80%         1
 Summon Small Mammal      Summ           0%         N/A       80%         1
 Petrify                  Alch/Erth      0%         N/A       100%        4
 Irradiate                Conj/Alch      0%         3d11      100%        5
 Summon Forest            Summ/Tloc      0%         N/A       100%        5
 Summon Mana Viper        Hex/Summ       0%         N/A       100%        5
 Summon Cactus Giant      Summ           0%         N/A       100%        6
 Sublimation of Blood     Necr           Unusable   N/A       N/A         2

Dungeon Overview and Level Annotations

Branches:
Dungeon (3/15)

Altars:
Yredelemnul

Shops:
D:1 *

Annotations:
D:3 1 runed translucent door


Innate Abilities, Weirdness & Mutations

You are immune to sickness and miasma.
Your stone body is resilient. (AC +4)
You are immune to poison.
You resist negative energy. (rN+)
You are resistant to electric shocks. (rElec)
You are resistant to unholy torment.
You are immune to petrification.


Message History

You are too injured to fight recklessly!
You are too injured to fight recklessly!
You are too injured to fight recklessly!
You are too injured to fight recklessly!
You are too injured to fight recklessly!
You are too injured to fight recklessly!
You are too injured to fight recklessly!
You barely miss the gnoll.
The gnoll is severely wounded.
The rat completely misses you. The gnoll hits you with a +0 whip.
You barely miss the gnoll.
The gnoll is severely wounded.
The rat bites you. The gnoll hits you with a +0 whip.
* * * LOW HITPOINT WARNING * * *
You closely miss the gnoll.
The gnoll is severely wounded.
The rat bites you but does no damage. You block the gnoll's attack.
You closely miss the gnoll.
The gnoll is severely wounded.
The rat barely misses you. You block the gnoll's attack.
You block the rat's attack. The gnoll hits you with a +0 whip.
* * * LOW HITPOINT WARNING * * *
You barely miss the gnoll.
The gnoll is severely wounded.
The rat bites you.
* * * LOW HITPOINT WARNING * * *
The gnoll hits you with a +0 whip.
* * * LOW HITPOINT WARNING * * *
You closely miss the gnoll.
The gnoll is severely wounded.
The rat bites you but does no damage. The gnoll hits you with a +0 whip.
* * * LOW HITPOINT WARNING * * *
You barely miss the gnoll.
The gnoll is severely wounded.
The rat misses you. The gnoll hits you but does no damage.
The rat barely misses you. You block the gnoll's attack.
You closely miss the gnoll.
The gnoll is severely wounded.
You block the rat's attack. The gnoll hits you with a +0 whip.
You die...

#.........# ##.# #†
#.........####.# #.
#.........##...# #.
#............### ##.
#............# ###..
#.........##.###....
#.........##........
#.))g...%.####..#...
#)[@r.....# ####...
########### ##..
##.. #... #... #.<.
##.. ##. ##


You could see a gnoll and a rat.

Vanquished Creatures
  A bombardier beetle (D:2)
  An iguana (D:2)
  An orc wizard (D:3)
  5 adders
  2 dart slugs (D:1)
  4 orcs
  3 endoplasms
  2 giant cockroaches (D:1)
  A hobgoblin (D:1)
  3 jackals (D:2)
  3 kobolds
  3 quokkas
  4 ball pythons
  6 bats
  2 frilled lizards (D:2)
  5 goblins
  7 rats
53 creatures vanquished.

Notes
Turn   | Place    | Note
-------+----------+-------------------------------------------
     0 | D:1      | AdnanSaban the Gargoyle Fighter began the quest for the
                  | Orb.
     0 | D:1      | Reached XP level 1. HP: 14/14 MP: 1/1
    86 | D:1      | Reached XP level 2. HP: 19/19 MP: 2/2
   380 | D:1      | Found Afetteb's General Store.
   610 | D:1      | Reached XP level 3. HP: 23/23 MP: 3/3
  1017 | D:2      | Reached XP level 4. HP: 17/28 MP: 4/4
  1182 | D:2      | Reached skill level 1 in Dodging
  1438 | D:3      | Noticed a human
  1438 | D:3      | Found a runed translucent door.
  1438 | D:3      | Found a basalt altar of Yredelemnul.
  1591 | D:2      | Reached XP level 5. HP: 13/33 MP: 1/5
  1836 | D:2      | Slain by a gnoll

Illustrated notes

Levels and vault maps discovered:
D:1:      scummos_arrival_forest, layout_basic, serial_shops, shop
D:2:      layout_rooms, minmay_fractal_squares_gapless_5
D:3:      layout_rooms, dk_yredelemnul_ordeal,
          dreamdust_ecumenical_altar_statues

Skill      XL: |  1  2  3  4 |
---------------+-------------+-----
Armour         | 4 |  4.4
Dodging        | 1 |  1.4
Shields        | 4 |  4.1
Maces & Flails | 3 |  3.3
Fighting       | |  3.7
Throwing       | |  0.1

Action                     |  1- 3 |  4- 6 || total
---------------------------+-------+-------++-------
  Melee: Flail             |    88 |   109 ||   197
  Throw: Dart              |       |     4 ||     4
 Armour: Scale mail        |    82 |   134 ||   216
  Dodge: Dodged            |    53 |    92 ||   145
  Block: Buckler           |    23 |    46 ||    69
